 Dungeon Crawl Stone Soup version 0.31-a0-977-gc230f8ef24 (webtiles) character file.

Game seed: 14306290196022919359

13107 Shayle the Destroyer (level 12, -15/109 HPs)
             Began as a Tengu Hexslinger on Oct 29, 2023.
             Was an Initiate of Gozag.
             Killed from afar by Frances (36 damage)
             ... with an iron shot
             ... on level 13 of the Dungeon.
             The game lasted 00:44:59 (13413 turns).

Shayle the Destroyer (Tengu Hexslinger)            Turns: 13413, Time: 00:45:00

Health: -15/109    AC:  8    Str: 10    XL:     12   Next: 2%
Magic:  19/19      EV: 17    Int: 16    God:    Gozag
Gold:   596        SH: 10    Dex: 18    Spells: 4/19 levels left

rFire   + . .        z - +7 trident (drain)
rCold   + . .        r - +0 buckler
rNeg    + . .        E - +2 robe {rN+}
rPois   +            (helmet restricted)
rElec   +            y - +2 cloak
rCorr   +            (no gloves)
SInv    .            (boots unavailable)
Will    .....        B - amulet of reflection Stlth
                     t - ring of poison resistance
HPRegen 0.38/turn    (no ring)
MPRegen 0.16/turn

%: reflection, acrobat
@: berserking (expiring), resistant, flying, invisible, very quick
A: beak, talons 3, evasive flight, acrobatic
a: Renounce Religion, Potion Petition, Call Merchant, Bribe Branch


You were on level 13 of the Dungeon.
You worshipped Gozag.
Gozag was pleased with you.
You visited 2 branches of the dungeon, and saw 13 of its levels.
You also visited: Sewer and Bailey.

You collected 2411 gold pieces.
You paid 1815 gold pieces to Gozag.

Inventory:

Hand Weapons
 a - a +1 sling
 b - a +11 broad axe
 l - a +4 scimitar of flaming
 o - a +1 war axe
 v - a +4 scythe of venom
 z - a +7 trident of draining (weapon)
Missiles
 k - 8 curare-tipped darts
Armour
 c - a +0 robe
 f - a +0 ring mail
 m - a +0 kite shield
 r - a +0 buckler (worn)
 u - +0 swamp dragon scales
 w - a +4 chain mail
 y - a +2 cloak (worn)
 E - a +2 robe of positive energy (worn)
Jewellery
 t - a ring of poison resistance (left hand)
 B - an amulet of reflection (around neck)
Wands
 p - a wand of mindburst (12)
 s - a wand of paralysis (19)
Scrolls
 d - 2 scrolls of revelation
 i - a scroll of torment
 n - 2 scrolls of enchant armour
 q - 2 scrolls of fog
 A - a scroll of amnesia
 C - a scroll of immolation {unknown}
 D - 7 scrolls of teleportation
 J - a scroll of identify
Potions
 e - 7 potions of curing
 g - 3 potions of brilliance
 x - 4 potions of enlightenment
 F - a potion of haste
 G - a potion of might
 H - a potion of attraction {unknown}
Miscellaneous
 j - a phantom mirror (inert)


   Skills:
 + Level 7.8 Fighting
 - Level 2.1 Ranged Weapons
 - Level 8.0 Armour
 + Level 4.0 Dodging
 - Level 4.0 Shields
 - Level 7.4 Unarmed Combat
 - Level 4.1 Spellcasting
 - Level 9.0 Conjurations
 - Level 2.1 Hexes
 - Level 1.1 Fire Magic
 + Level 5.2 Ice Magic
 - Level 8.9 Air Magic
 - Level 4.6 Poison Magic


You had 4 spell levels left.
You knew the following spells:

 Your Spells              Type           Power      Damage    Failure   Level
a - Jinxbite              Hex            20%        N/A       14%         2
b - Mephitic Cloud        Conj/Pois/Air  27%        N/A       3%          3
c - Arcjolt               Conj/Air       16%        1d26      16%         5
d - Freezing Cloud        Conj/Ice/Air   14%        6-21      26%         5

Your spell library contained the following spells:

 Spells                   Type           Power      Damage    Failure   Level
 Freeze                   Ice            80%        1d9       2%          1
 Poisonous Vapours        Pois/Air       50%        N/A       2%          2
 Kiss of Death            Conj/Necr      68%        2d10      3%          1
 Hailstorm                Conj/Ice       26%        3d7       3%          3
 Momentum Strike          Conj/Tloc      34%        3d8       5%          2
 Dazzling Flash           Conj/Hex       42%        N/A       7%          3
 Frozen Ramparts          Ice            40%        1d7       9%          3
 Apportation              Tloc           6%         N/A       24%         1
 Necrotise                Necr           12%        1d4       24%         1
 Summon Small Mammal      Summ           12%        N/A       24%         1
 Confusing Touch          Hex            10%        N/A       28%         3
 Sigil of Binding         Hex            10%        N/A       28%         3
 Wereblood                Tmut           3%         N/A       34%         2
 Inner Flame              Hex/Fire       8%         N/A       34%         3
 Summon Guardian Golem    Hex/Summ       6%         N/A       41%         3
 Volatile Blastmotes      Fire/Tloc      10%        2d10      50%         3
 Vampiric Draining        Necr           3%         2d6       56%         3
 Cause Fear               Hex            5%         N/A       67%         4
 Dimensional Bullseye     Hex/Tloc       3%         N/A       83%         4
 Dispel Undead            Necr           3%         3d7       93%         4
 Conjure Ball Lightning   Conj/Air       16%        3x3d6     65%         6
 Irradiate                Conj/Tmut      8%         3d14      71%         5
 Summon Mana Viper        Hex/Summ       6%         N/A       99%         5
 Orb of Destruction       Conj           16%        9d7       99%         7
 Agony                    Necr           3%         N/A       100%        5
 Summon Forest            Summ/Tloc      1%         N/A       100%        5
 Summon Cactus Giant      Summ           1%         N/A       100%        6
 Spellforged Servitor     Conj/Summ      8%         N/A       100%        7
 Fire Storm               Conj/Fire      9%         8d3       100%        9


Dungeon Overview and Level Annotations

Branches:
Dungeon (13/15)            Temple (1/1) D:7            Lair (0/5) D:11
    Orc (0/2) D:9           Sewer (visited)          Bailey (visited)
 Vaults: D:13-14

Altars:
Ashenzari
Cheibriados
Dithmenos
Elyvilon
Fedhas
Gozag
Hepliaklqana
Kikubaaqudgha
Makhleb
Nemelex Xobeh
Okawaru
Qazlal
Ru
Sif Muna
Trog
Uskayaw
Vehumet
Wu Jian
Xom
Yredelemnul
Zin
The Shining One

Shops:
D:2 (   D:3 [   D:5 :

Annotations:
D:11 exclusion: 2 oklob plants
D:13 Frances


Innate Abilities, Weirdness & Mutations

You have a beak for a mouth.
You have claws for feet.
Your magical flight helps you evade attacks. (EV +4)
You can magically evade attacks while moving or waiting.


Message History

Send 'em back where they came from!
Frances shimmers and vanishes!
Unknown command.
You puncture Frances! Your peck misses Frances.
Frances is moderately wounded.
Frances misses you.
Frances mutters in a terrible tongue.
The iron shot hits you!!!
Unknown command.
You hit Frances. You drain Frances. Your kick misses Frances.
Frances is moderately wounded.
Frances screams a word of power!
The shard of ice hits you! You partially resist.
Unknown command.
You hit Frances.
Frances is moderately wounded.
Frances whispers indecipherable words.
The ice devil barely misses you.
Unknown command.
You hit Frances but do no damage. You claw Frances!
Frances is heavily wounded.
You block Frances's attack. You block the ice devil's attack.
Frances hits you with a +0 dire flail of protection.
Unknown command.
You hit Frances. You drain Frances.
Frances is heavily wounded.
The chaos spawn hits you but does no damage.
The ice devil misses you.
Frances says, "I have seen worlds and universes beyond all imagining."
Frances hits you with a +0 dire flail of protection!
* * * LOW HITPOINT WARNING * * *
You are too berserk!
Unknown command.
You hit Frances. You peck Frances, but do no damage.
Frances is heavily wounded.
The chaos spawn closely misses you.
Frances screams a word of power!
The iron shot hits you!!!
You die...
Your body crumbles into a pile of gold.

#########
##§......####
##§§.........#
#§§#.....###.#
#..§.......###.###
...!...##......4....#
#...#...........@...#
...#####.#......@4..#
### #.#..........#
#.#..........#
#.##..##.##.## #.. #.
#.# ... #. #.# ## #.
#.# #.#


You could see Frances (fast, drained), an ice devil (summoned, unable to see
you) and a chaos spawn (summoned, unable to see you).

Vanquished Creatures
  An orc warlord (Bailey)
  Erica (D:8)
  2 two-headed ogres
  An unseen horror (D:10)
  Maggie (D:8)
  A kobold demonologist (D:11)
  Jeremiah (D:6)
  A komodo dragon (D:11)
  2 trolls
  4 hornets
  Sigmund (D:4)
  2 shadows
  7 yaks
  A wyvern (D:10)
  3 steam dragons
  Edmund (D:4)
  Duvessa (D:6)
  An acid dragon (D:9)
  2 black bears
  An ice beast (D:8)
  9 orc warriors
  2 sky beasts (D:7)
  An ogre (D:5)
  7 centaurs
  A phantom (D:7)
  2 bullfrogs
  21 kobold brigands
  2 gnoll sergeants (D:8)
  A scorpion (D:7)
  Dowan (D:6)
  9 wights
  6 killer bees
  3 howler monkeys
  A hound (D:4)
  4 jellies
  An orc priest (D:10)
  A gnoll bouda (D:8)
  A sleepcap (D:6)
  An iguana (D:6)
  5 orc wizards
  22 gnolls
  5 river rats (Sewer)
  6 adders
  2 shadow imps (D:6)
  A white imp (D:6)
  2 ufetubi (D:7)
  5 worms
  2 dart slugs (D:2)
  29 orcs
  6 ball pythons
  10 endoplasms
  7 giant cockroaches
  22 hobgoblins
  8 jackals
  43 kobolds
  4 quokkas
  12 bats
  7 frilled lizards
  20 goblins
  5 rats
332 creatures vanquished.

Vanquished Creatures (collateral kills)
  A yak (D:11)
  A kobold brigand (D:11)
2 creatures vanquished.

Grand Total: 334 creatures vanquished

Notes
Turn   | Place    | Note
-------+----------+-------------------------------------------
     0 | D:1      | Shayle the Tengu Hexslinger began the quest for the Orb.
     0 | D:1      | Reached XP level 1. HP: 12/12 MP: 3/3
    43 | D:1      | Reached skill level 1 in Unarmed Combat
   124 | D:1      | Reached XP level 2. HP: 14/16 MP: 4/4
   127 | D:1      | Learned a level 2 spell: Jinxbite
   784 | D:1      | Reached XP level 3. HP: 20/20 MP: 5/5
  1287 | D:2      | Found Vattil's Weapon Emporium.
  2171 | D:3      | Found Xiudifemn's Armour Emporium.
  2175 | D:3      | Reached XP level 4. HP: 25/25 MP: 6/6
  2619 | D:3      | Noticed a moth of wrath
  2622 | D:3      | Found a bloodstained altar of Trog.
  3003 | D:4      | Reached skill level 5 in Unarmed Combat
  3003 | D:4      | Reached XP level 5. HP: 29/29 MP: 7/7
  3018 | D:4      | Found a sparkling altar of Nemelex Xobeh.
  3235 | D:3      | Learned a level 3 spell: Mephitic Cloud
  3363 | D:4      | Noticed Sigmund
  3364 | D:4      | Noticed Edmund
  3401 | D:5      | Entered Level 5 of the Dungeon
  3502 | D:5      | Found Cymawnyr's Self-Published Books.
  3551 | D:5      | Noticed a black bear
  3562 | D:5      | Killed a black bear
  3563 | D:5      | Reached skill level 1 in Conjurations
  3563 | D:5      | Reached skill level 1 in Air Magic
  3563 | D:5      | Reached skill level 1 in Poison Magic
  3563 | D:5      | Reached XP level 6. HP: 24/34 MP: 4/8
  3674 | D:5      | Reached skill level 2 in Conjurations
  4133 | D:5      | Gained mutation: Your magical flight helps you evade
                  | attacks. (EV +4) [Tengu growth]
  4133 | D:5      | Reached XP level 7. HP: 38/38 MP: 10/10
  4211 | D:5      | Found a glowing silver altar of Zin.
  4274 | D:4      | Killed Sigmund
  4275 | D:4      | Reached skill level 3 in Conjurations
  4315 | D:4      | Killed Edmund
  4600 | D:6      | Noticed Jeremiah
  4605 | D:6      | Found a glowing drain.
  4633 | Sewer    | Entered a sewer
  5059 | Sewer    | Reached XP level 8. HP: 37/43 MP: 12/12
  5123 | D:6      | Killed Jeremiah
  5124 | D:6      | Reached skill level 4 in Conjurations
  5160 | D:6      | Found a radiant altar of Vehumet.
  5167 | D:7      | Noticed a hornet
  5174 | D:7      | Killed a hornet
  5312 | D:6      | Noticed Duvessa
  5312 | D:6      | Noticed Dowan
  5333 | D:6      | Killed Duvessa
  5334 | D:6      | Reached skill level 5 in Conjurations
  5334 | D:6      | Reached skill level 5 in Air Magic
  5335 | D:6      | Killed Dowan
  5499 | D:6      | Found a hide-covered altar of Uskayaw.
  5527 | D:6      | Reached XP level 9. HP: 32/47 MP: 15/15
  6560 | D:7      | Reached skill level 1 in Armour
  6756 | D:7      | Reached skill level 6 in Conjurations
  6935 | D:7      | Found a staircase to the Ecumenical Temple.
  6951 | Temple   | Entered the Ecumenical Temple
  6971 | Temple   | Became a worshipper of Gozag Ym Sagoz the Greedy
  7315 | D:7      | Found a burning altar of Makhleb.
  7317 | D:7      | Noticed a cacodemon
  7321 | D:7      | Noticed a smoke demon
  7321 | D:7      | Noticed an orange demon
  7644 | D:8      | Found a broken altar of Ashenzari.
  7669 | D:8      | Noticed Erica
  7681 | D:8      | Killed Erica
  7682 | D:8      | Reached skill level 7 in Conjurations
  7682 | D:8      | Noticed a hornet
  7698 | D:8      | Killed a hornet
  7699 | D:8      | Reached XP level 10. HP: 35/56 MP: 17/17
  7855 | D:8      | Found a flagged portal.
  7860 | Bailey   | Entered a bailey
  8038 | Bailey   | Reached skill level 8 in Conjurations
  8241 | Bailey   | Noticed an orc warlord
  8286 | Bailey   | Killed an orc warlord
  8287 | Bailey   | Reached skill level 5 in Armour
  8623 | D:8      | Identified the of Otytrour (You acquired it on level 8 of
                  | the Dungeon)
  8623 | D:8      | Acquired the Excursus on Coordinates and Bruises
  8896 | D:9      | HP: 2/58 [kobold/+0 dagger (2)]
  9018 | D:9      | Found a staircase to the Orcish Mines.
  9026 | D:10     | Entered Level 10 of the Dungeon
  9117 | D:9      | Reached skill level 9 in Conjurations
  9138 | D:9      | Learned a level 5 spell: Arcjolt
  9144 | D:9      | Learned a level 5 spell: Freezing Cloud
  9221 | D:10     | Reached skill level 5 in Fighting
  9304 | D:10     | Noticed a two-headed ogre
  9321 | D:10     | Killed a two-headed ogre
  9322 | D:10     | Reached skill level 1 in Ice Magic
  9370 | D:10     | Reached XP level 11. HP: 47/64 MP: 18/18
 11006 | D:8      | Noticed Maggie
 11023 | D:8      | Killed Maggie
 11024 | D:8      | Reached skill level 1 in Shields
 11813 | D:8      | Noticed a two-headed ogre
 12064 | D:8      | Killed a two-headed ogre
 12461 | D:11     | Found a staircase to the Lair.
 12462 | D:11     | Noticed an oklob plant
 12462 | D:11     | Noticed an oklob plant
 12738 | D:11     | Identified the +0 plate armour of the Catamount {rPois
                  | Regen+}
 13133 | D:11     | Reached skill level 5 in Ice Magic
 13157 | D:11     | Reached XP level 12. HP: 56/73 MP: 6/19
 13175 | D:11     | You are sucked into a shaft and drop 2 floors!
 13242 | D:13     | Noticed a catoblepas
 13243 | D:13     | Noticed a centaur warrior
 13387 | D:13     | Noticed Frances
 13413 | D:13     | Killed from afar by Frances

Illustrated notes

Levels and vault maps discovered:
D:1:      roderic_dead_forest, layout_basic, serial_park_tiny_1
D:2:      layout_basic, serial_shops, nicolae_shop_tiny_statue_garden,
          serial_forest, infiniplex_forest_fountain,
          infiniplex_forest_clump_large, infiniplex_forest_straight_4,
          infiniplex_forest_clump_small, infiniplex_forest_lined_2,
          infiniplex_forest_end_3, infiniplex_forest_zigzag_1
D:3:      layout_loops_ring, tgw_trog, serial_shops, shop
D:4:      layout_cave_pools, old_standard_altar, chequers_serial_rivers_micro_e,
          sigmund_edmund_badplayer
D:5:      layout_basic, nicolae_overflow_hidden_temple, corexii_shack,
          nicolae_custom_books, corexii_item_surrounded_by_moat,
          chequers_serial_rivers_small_a, kennysheep_small_spiral
D:6:      layout_basic, old_standard_altar, nicolae_vehumet_altar_sigil,
          gup_sewer_entry_glass, uniq_jeremiah, uniq_duvessa
D:7:      layout_layer_cave, makhleb_altar_promises_db,
          minmay_temple_entry_offerings
D:8:      layout_loops_ring, overflow_temple_1_default, enter_bailey_3,
          uniq_erica, uniq_maggie
D:9:      layout_cave_pools, orc_0_dummy
D:10:     layout_basic, st_stairs_14
D:11:     layout_roguey [special_room_kobold], dpeg_oklobed_lair,
          patterned_corridor
D:13:     layout_rooms, uniq_frances, uniq_erolcha
Temple:   eino_wide_crystal_templ

Skill      XL: |  1  2  3  4  5  6  7  8  9 10 11 12 |
---------------+-------------------------------------+-----
Unarmed Combat | 1 2 3 5 6 7 |  7.4
Conjurations   | 1 2 3 5 7 9 |  9.0
Air Magic      | 1 2 3 5 7 8 |  8.9
Poison Magic   | 1 2 4 |  4.6
Spellcasting   | 2 3 4 |  4.1
Armour         | 4 6 8 |  8.0
Fighting       | 3 5 7 |  7.8
Ice Magic      | 2 5 |  5.2
Shields        | 3 4 |  4.0
Dodging        | 3 4 |  4.0
Ranged Weapons | |  2.1
Hexes          | |  2.1
Fire Magic     | |  1.1

Action                     |  1- 3 |  4- 6 |  7- 9 | 10-12 || total
---------------------------+-------+-------+-------+-------++-------
  Melee: Halberd           |       |       |   226 |   166 ||   392
         Peck              |       |       |    48 |    85 ||   133
         Kick              |       |       |    70 |   129 ||   199
         Trident           |       |       |       |   274 ||   274
         Punch             |       |       |       |     4 ||     4
   Fire: Sling             |   109 |   158 |     4 |     1 ||   272
  Throw: Throwing net      |       |       |       |     4 ||     4
         Dart              |       |       |       |     2 ||     2
   Cast: Jinxbite          |       |     4 |     1 |     3 ||     8
         Mephitic Cloud    |       |       |       |    21 ||    21
         Freezing Cloud    |       |       |       |     2 ||     2
         Arcjolt           |       |       |       |     1 ||     1
 Invoke: Potion Petition   |       |       |       |     4 ||     4
  Evoke: Wand              |       |     2 |    15 |    10 ||    27
         Phantom mirror    |       |       |       |     3 ||     3
    Use: Scroll            |       |    13 |     5 |    15 ||    33
         Potion            |       |       |     5 |     5 ||    10
   Stab: Paralysed         |       |       |    13 |     4 ||    17
         Confused          |       |       |       |    12 ||    12
         Distracted        |       |       |       |     2 ||     2
         Sleeping          |       |       |       |     2 ||     2
         Held in net/web   |       |       |       |     1 ||     1
 Armour: Robe              |    16 |    38 |       |   129 ||   183
         Chain mail        |       |       |   231 |   163 ||   394
         Skin              |       |       |    12 |       ||    12
  Dodge: Dodged            |    19 |    56 |   180 |   355 ||   610
  Block: Buckler           |       |       |       |    32 ||    32

Table legend: (Time is in decaauts)
 A = Elapsed time spent in this place.
 B = Non-inter-level travel time spent in this place.
 C = Inter-level travel time spent in this place.
 D = Time resting spent in this place.
 E = Time spent auto-exploring this place.
 F = Levels seen in this place.
 G = Mean time per level.
                   A        B        C        D        E       F      G
               +--------+--------+--------+--------+--------+-----+--------+
         Total |  13764 |  13148 |    616 |   1957 |   7158 |  15 |  917.6 |
       Dungeon |  12437 |  11849 |    588 |   1648 |   7039 |  12 | 1036.4 |
        Temple |     35 |      7 |     28 |      0 |      0 |   1 |   35.0 |
         Sewer |    510 |    510 |      0 |     75 |     89 |   1 |  510.0 |
        Bailey |    780 |    780 |      0 |    233 |     30 |   1 |  780.0 |
               +--------+--------+--------+--------+--------+-----+--------+

Top non-repeatable levels by time:
     D:8: 1709 daAuts
     D:6: 1458 daAuts
    D:10: 1344 daAuts
     D:1: 1274 daAuts
     D:7: 1259 daAuts
     D:9: 942 daAuts
    D:11: 941 daAuts
     D:2: 913 daAuts
     D:5: 887 daAuts
  Bailey: 780 daAuts
     D:4: 753 daAuts
     D:3: 710 daAuts
   Sewer: 510 daAuts
    D:13: 242 daAuts
  Temple: 35 daAuts
